SAA
LANNISTER UNITED LIONHEARTS @ GURDON PELICANS
09/26/2019
 
TOP OF THE 1ST
Lannister United Lionhearts batting - Pitching for Gurdon Pelicans : LHP Carlos Méndez
Pitching: LHP Carlos Méndez
Batting: RHB Jean Chamissa 0-0: Swinging Strike
0-1: Ball
1-1: SINGLE (Groundball, 56D) (infield hit)
Batting: RHB Jonathan Widdop 0-0: Ball
1-0: Ball
2-0: SINGLE (Groundball, 34)
Jean Chamissa to second
Runner from 2nd tries for 3rd, SAFE, no throw or cutoff
Batting: RHB José Muńóz 0-0: Ball
1-0: Ball
2-0: SINGLE (Line Drive, 78S)
Jean Chamissa scores
Jonathan Widdop to second
Batting: RHB Adrian Barr 0-0: Foul Ball, location: 2F
0-1: Ball
1-1: Ball
2-1: Ball
3-1: Swinging Strike
3-2: SINGLE (Groundball, 56D)
Jonathan Widdop to third
José Muńóz to second
Jonathan Widdop scores
José Muńóz to third
Batting: RHB Jeffery Campbell 0-0: Ball
1-0: Foul Ball, location: 2F
1-1: Foul Ball, location: 2F
1-2: Ball
2-2: SINGLE (Line Drive, 4MD)
José Muńóz scores
Adrian Barr to second
Batting: RHB Andrew Weeks 0-0: Called Strike
0-1: SINGLE (Groundball, 6MD)
Adrian Barr to third
Jeffery Campbell to second
Batting: RHB Michael Hicks 0-0: Ball
1-0: Ball
2-0: SINGLE (Line Drive, 8RS)
Adrian Barr scores
Jeffery Campbell to third
Andrew Weeks to second
Batting: RHB Arturo Read 0-0: Ball
1-0: Grounds into double play, 5-4-3 (Groundball, 5)
Jeffery Campbell scores
Andrew Weeks to third
Batting: RHB Thomas Vaughan 0-0: Foul Ball, location: 2F
0-1: Ball
1-1: Foul Ball, location: 2F
1-2: Fly out, F8 (Flyball, 8LM)
Top of the 1st over - 5 run(s), 7 hit(s), 0 error(s), 1 left on base; Lannister United 5 - Gurdon 0
BOTTOM OF THE 1ST
Gurdon Pelicans batting - Pitching for Lannister United Lionhearts : RHP Jeffrey Chase
Pitching: RHP Jeffrey Chase
Batting: RHB Alex Maxwell 0-0: Foul Ball, location: 2F
0-1: Swinging Strike
0-2: Strikes out looking
Batting: RHB Tony Hernández 0-0: Called Strike
0-1: Bunt missed!
0-2: Ball
1-2: Foul Ball, location: 2F
1-2: Foul Ball, location: 2F
1-2: Fly out, F9 (Line Drive, 89M)
Batting: RHB Micah Miller 0-0: Foul Ball, location: 2F
0-1: Called Strike
0-2: Fly out, F8 (Flyball, 8LS)
Bottom of the 1st over - 0 run(s), 0 hit(s), 0 error(s), 0 left on base; Lannister United 5 - Gurdon 0
TOP OF THE 2ND
Lannister United Lionhearts batting - Pitching for Gurdon Pelicans : LHP Carlos Méndez
Batting: RHB Jean Chamissa 0-0: Ball
1-0: SINGLE (Line Drive, 6M)
Batting: RHB Jonathan Widdop 0-0: Ball
1-0: Ball
2-0: Foul Ball, location: 2F
2-1: Foul Ball, location: 2F
2-2: Strikes out swinging
Batting: RHB José Muńóz 0-0: Called Strike
0-1: Swinging Strike
0-2: Ball
1-2: Strikes out swinging
Batting: RHB Adrian Barr 0-0: Ground out 5-3 (Groundball, 5L)
Top of the 2nd over - 0 run(s), 1 hit(s), 0 error(s), 1 left on base; Lannister United 5 - Gurdon 0
BOTTOM OF THE 2ND
Gurdon Pelicans batting - Pitching for Lannister United Lionhearts : RHP Jeffrey Chase
Batting: LHB Jesús Reyes 0-0: Foul Ball, location: 2F
0-1: Fly out, F7 (Flyball, 7LM)
Batting: SHB Lionel Merlet 0-0: Foul Ball, location: 2F
0-1: Called Strike
0-2: Ball
1-2: Ball
2-2: SINGLE (Groundball, 25) (infield hit)
Batting: RHB Riley Howard 0-0: Called Strike
0-1: Ball
1-1: SINGLE (Line Drive, 89M)
Lionel Merlet to second
Batting: RHB Jim Unknown 0-0: Ball
Lionel Merlet steals 3rd base
1-0: Swinging Strike
1-1: Ball
2-1: Foul Ball, location: 2F
2-2: Strikes out swinging
Batting: RHB Ludovico Trezza 0-0: Swinging Strike
0-1: Swinging Strike
0-2: Ball
1-2: Foul Ball, location: 2F
1-2: Ball
2-2: Ball
3-2: Fly out, F8 (Flyball, 8RM)
Bottom of the 2nd over - 0 run(s), 2 hit(s), 0 error(s), 2 left on base; Lannister United 5 - Gurdon 0
TOP OF THE 3RD
Lannister United Lionhearts batting - Pitching for Gurdon Pelicans : LHP Carlos Méndez
Batting: RHB Jeffery Campbell 0-0: Ball
1-0: Ball
2-0: Fly out, F9 (Flyball, 9LS)
Batting: RHB Andrew Weeks 0-0: Ball
1-0: Foul Ball, location: 2F
1-1: Ball
2-1: Called Strike
2-2: Strikes out swinging
Batting: RHB Michael Hicks 0-0: Called Strike
0-1: Ball
1-1: Ground out 6-3 (Groundball, 6)
Top of the 3rd over - 0 run(s), 0 hit(s), 0 error(s), 0 left on base; Lannister United 5 - Gurdon 0
BOTTOM OF THE 3RD
Gurdon Pelicans batting - Pitching for Lannister United Lionhearts : RHP Jeffrey Chase
Batting: RHB Martín Álvarez 0-0: Ground out 5-3 (Groundball, 56)
Batting: RHB Alex Maxwell 0-0: Ground out 6-3 (Groundball, 6)
Batting: RHB Tony Hernández 0-0: Called Strike
0-1: Fly out, F8 (Flyball, 8RM)
Bottom of the 3rd over - 0 run(s), 0 hit(s), 0 error(s), 0 left on base; Lannister United 5 - Gurdon 0
TOP OF THE 4TH
Lannister United Lionhearts batting - Pitching for Gurdon Pelicans : LHP Carlos Méndez
Batting: RHB Arturo Read 0-0: Ball
1-0: Foul Ball, location: 2F
1-1: Ball
2-1: Foul Ball, location: 2F
2-2: Ball
3-2: Ground out 6-3 (Groundball, 6)
Batting: RHB Thomas Vaughan 0-0: Foul Ball, location: 2F
0-1: Ball
1-1: Ball
2-1: Called Strike
2-2: Ground out 6-3 (Groundball, 6)
Batting: RHB Jean Chamissa 0-0: Called Strike
0-1: Ball
1-1: Foul Ball, location: 2F
1-2: Ball
2-2: DOUBLE (Line Drive, 9LS)
Batting: RHB Jonathan Widdop 0-0: Ball
1-0: Called Strike
1-1: Ball
2-1: Foul Ball, location: 2F
2-2: Foul Ball, location: 2F
2-2: Ball
3-2: Foul Ball, location: 2F
3-2: Ground out 6-3 (Groundball, 6)
Top of the 4th over - 0 run(s), 1 hit(s), 0 error(s), 1 left on base; Lannister United 5 - Gurdon 0
BOTTOM OF THE 4TH
Gurdon Pelicans batting - Pitching for Lannister United Lionhearts : RHP Jeffrey Chase
Batting: RHB Micah Miller 0-0: Foul Ball, location: 2F
0-1: Called Strike
0-2: Strikes out swinging
Batting: LHB Jesús Reyes 0-0: Swinging Strike
0-1: Swinging Strike
0-2: Ball
1-2: Ball
2-2: Ball
3-2: Foul Ball, location: 2F
3-2: Foul Ball, location: 2F
3-2: Base on Balls
Batting: SHB Lionel Merlet 0-0: Called Strike
0-1: Foul Ball, location: 2F
0-2: Foul Ball, location: 2F
0-2: Ball
1-2: Strikes out swinging
Pitching: RHP Rodger de Meza
Batting: RHB Riley Howard 0-0: Called Strike
0-1: Ball
1-1: Ball
2-1: SINGLE (Line Drive, 6D)
Jesús Reyes to second
Batting: RHB Jim Unknown 0-0: Ball
1-0: Foul Ball, location: 2F
1-1: Called Strike
1-2: 3-RUN HOME RUN (Flyball, 7D), Distance : 392 ft
Batting: RHB Ludovico Trezza 0-0: Called Strike
0-1: Ground out 6-3 (Groundball, 6)
Bottom of the 4th over - 3 run(s), 2 hit(s), 0 error(s), 0 left on base; Lannister United 5 - Gurdon 3
TOP OF THE 5TH
Lannister United Lionhearts batting - Pitching for Gurdon Pelicans : LHP Carlos Méndez
Batting: RHB José Muńóz 0-0: Ball
1-0: Called Strike
1-1: Ground out 4-3 (Groundball, 4M)
Batting: RHB Adrian Barr 0-0: Ball
1-0: Ball
2-0: Swinging Strike
2-1: Fly out, F9 (Flyball, 89M)
Batting: RHB Jeffery Campbell 0-0: Swinging Strike
0-1: Fly out, F3 (Popup, 13)
Top of the 5th over - 0 run(s), 0 hit(s), 0 error(s), 0 left on base; Lannister United 5 - Gurdon 3
BOTTOM OF THE 5TH
Gurdon Pelicans batting - Pitching for Lannister United Lionhearts : RHP Rodger de Meza
Batting: RHB Martín Álvarez 0-0: Ball
1-0: Ball
2-0: Called Strike
2-1: Foul Ball, location: 2F
2-2: Strikes out swinging
Batting: RHB Alex Maxwell 0-0: Swinging Strike
0-1: Called Strike
0-2: Strikes out swinging
Batting: RHB Tony Hernández 0-0: Ball
1-0: Swinging Strike
1-1: Swinging Strike
1-2: Ground out 4-3 (Groundball, 4S)
Bottom of the 5th over - 0 run(s), 0 hit(s), 0 error(s), 0 left on base; Lannister United 5 - Gurdon 3
TOP OF THE 6TH
Lannister United Lionhearts batting - Pitching for Gurdon Pelicans : LHP Carlos Méndez
Batting: RHB Andrew Weeks 0-0: Ball
1-0: Called Strike
1-1: Foul Ball, location: 2F
1-2: Strikes out looking
Batting: RHB Michael Hicks 0-0: Swinging Strike
0-1: Ball
1-1: Ball
2-1: Foul Ball, location: 2F
2-2: Foul Ball, location: 2F
2-2: Strikes out looking
Batting: RHB Arturo Read 0-0: Ball
1-0: Fly out, F8 (Flyball, 8LM)
Top of the 6th over - 0 run(s), 0 hit(s), 0 error(s), 0 left on base; Lannister United 5 - Gurdon 3
BOTTOM OF THE 6TH
Gurdon Pelicans batting - Pitching for Lannister United Lionhearts : RHP Rodger de Meza
Pitching: RHP Javier Fandez
Batting: RHB Micah Miller 0-0: Called Strike
0-1: SINGLE (Groundball, 6MD)
Batting: LHB Jesús Reyes 0-0: Ball
1-0: Ball
2-0: Called Strike
2-1: SINGLE (Groundball, 6M)
Micah Miller to second
Runner from 2nd tries for 3rd, SAFE, no throw or cutoff
Batting: SHB Lionel Merlet 0-0: Ball
1-0: Ball
2-0: Ball
3-0: Called Strike
3-1: Base on Balls
Jesús Reyes to second
Batting: RHB Riley Howard 0-0: Called Strike
0-1: Swinging Strike
0-2: Ball
1-2: Ball
2-2: Grounds into fielders choice 1-2 (Groundball, 15S)
Jesús Reyes to third
Lionel Merlet to second
Batting: RHB Jim Unknown 0-0: Ball
1-0: Foul Ball, location: 2F
1-1: Swinging Strike
1-2: Foul Ball, location: 2F
1-2: Foul Ball, location: 2F
1-2: Ball
2-2: SINGLE (Groundball, 6MD)
Jesús Reyes scores
Lionel Merlet to third
Riley Howard to second
Runner from 3rd tries for Home, SAFE, no throw or cutoff
Pitching: RHP Robert Preston
Batting: RHB Ludovico Trezza 0-0: Foul Ball, location: 2F
0-1: Ball
1-1: Ball
2-1: Foul Ball, location: 2F
2-2: Strikes out swinging
Batting: RHB Martín Álvarez 0-0: Ball
1-0: Foul Ball, location: 2F
1-1: Ground out 6-3 (Groundball, 6S)
Bottom of the 6th over - 2 run(s), 3 hit(s), 0 error(s), 2 left on base; Lannister United 5 - Gurdon 5
TOP OF THE 7TH
Lannister United Lionhearts batting - Pitching for Gurdon Pelicans : LHP Carlos Méndez
Batting: RHB Thomas Vaughan 0-0: Foul Ball, location: 2F
0-1: Swinging Strike
0-2: Ball
1-2: Strikes out looking
Batting: RHB Jean Chamissa 0-0: Called Strike
0-1: Swinging Strike
0-2: Strikes out swinging
Batting: RHB Jonathan Widdop 0-0: Called Strike
0-1: Ball
1-1: Called Strike
1-2: Ball
2-2: Fly out, F9 (Flyball, 8RM)
Top of the 7th over - 0 run(s), 0 hit(s), 0 error(s), 0 left on base; Lannister United 5 - Gurdon 5
BOTTOM OF THE 7TH
Gurdon Pelicans batting - Pitching for Lannister United Lionhearts : RHP Robert Preston
Batting: RHB Alex Maxwell 0-0: Ball
1-0: Ball
2-0: Called Strike
2-1: SINGLE (Groundball, 56D)
Batting: RHB Tony Hernández 0-0: Ball
1-0: Sac Bunt - play at first, batter OUT! 5-4
Alex Maxwell to second
Batting: RHB Micah Miller 0-0: Ball
Alex Maxwell steals 3rd base
1-0: Ball
2-0: Ball
3-0: Called Strike
3-1: Ground out 1-3 (Groundball, 13)
Batting: LHB Jesús Reyes 0-0: Called Strike
0-1: Ball
1-1: Ball
2-1: Called Strike
2-2: Foul Ball, location: 2F
2-2: Strikes out swinging
Bottom of the 7th over - 0 run(s), 1 hit(s), 0 error(s), 1 left on base; Lannister United 5 - Gurdon 5
TOP OF THE 8TH
Lannister United Lionhearts batting - Pitching for Gurdon Pelicans : LHP Carlos Méndez
Pitching: RHP Sean Harding
Batting: RHB José Muńóz 0-0: Ball
1-0: Fly out, F8 (Line Drive, 8LM)
Batting: RHB Adrian Barr 0-0: Ball
1-0: Ball
2-0: Foul Ball, location: 2F
2-1: Called Strike
2-2: Fly out, F8 (Flyball, 8LM)
Pinch Hitting: LHB John Cossey 0-0: Called Strike
0-1: Ball
1-1: Fly out, F8 (Flyball, 78M)
Top of the 8th over - 0 run(s), 0 hit(s), 0 error(s), 0 left on base; Lannister United 5 - Gurdon 5
BOTTOM OF THE 8TH
Gurdon Pelicans batting - Pitching for Lannister United Lionhearts : RHP Robert Preston
Now in CF: John Cossey
Pinch Hitting: LHB Guillermo Martínez 0-0: Called Strike
0-1: Ball
1-1: Foul Ball, location: 2F
1-2: Foul Ball, location: 2F
1-2: Reached on error, E4 (Groundball, 34)
Batting: RHB Riley Howard 0-0: Ball
1-0: Ball
2-0: 2-RUN HOME RUN (Flyball, 7D), Distance : 385 ft
Pitching: LHP Ezio Deodato
Batting: RHB Jim Unknown 0-0: Ball
1-0: Called Strike
1-1: Swinging Strike
1-2: Ball
2-2: Ball
3-2: Ground out 4-3 (Groundball, 34)
Batting: RHB Ludovico Trezza 0-0: Foul Ball, location: 2F
0-1: Ball
1-1: Ball
2-1: Foul Ball, location: 2F
2-2: Foul Ball, location: 2F
2-2: Ball
3-2: Strikes out swinging
Batting: RHB Martín Álvarez 0-0: Ball
1-0: Swinging Strike
1-1: Ball
2-1: Ground out 6-3 (Groundball, 6)
Bottom of the 8th over - 2 run(s), 1 hit(s), 1 error(s), 0 left on base; Lannister United 5 - Gurdon 7
TOP OF THE 9TH
Lannister United Lionhearts batting - Pitching for Gurdon Pelicans : RHP Sean Harding
Pitching: LHP Francisco Mora
Now in LF: Guillermo Martínez
Batting: RHB Andrew Weeks 0-0: Ball
1-0: Ball
2-0: Ball
3-0: Called Strike
3-1: Base on Balls
Batting: RHB Michael Hicks 0-0: Ball
1-0: Swinging Strike
1-1: SINGLE (Groundball, 4MD) (infield hit)
Andrew Weeks to second
Pinch Hitting: RHB Jim Unknown 0-0: Ball
1-0: Called Strike
1-1: Ball
2-1: SINGLE (Groundball, 56D)
Andrew Weeks to third
Michael Hicks to second
Batting: RHB Thomas Vaughan 0-0: Called Strike
0-1: Ball
1-1: Foul Ball, location: 2F
1-2: Ball
2-2: Ball
3-2: Strikes out swinging
Batting: RHB Jean Chamissa 0-0: Fly out, F9 (Flyball, 89D)
Runner from 3rd tags up, SCORES, no throw
Pinch Runner at 2nd Raúl Delgado:
Batting: RHB Jonathan Widdop 0-0: Ball
1-0: Ball
2-0: Fly out, F6 (Popup, 6)
Top of the 9th over - 1 run(s), 2 hit(s), 0 error(s), 2 left on base; Lannister United 6 - Gurdon 7
This league is powered by Out of the Park Baseball, the baseball management simulation game for PC, Mac and Linux
Saturday, July 25th, 2015 - OOTP Baseball 15.6 Build 34